 Dungeon Crawl Stone Soup version 0.24.1 (webtiles) character file.

Game seed: 8862207268657210369, levelgen mode: deterministic

53571 Peloso the Peltast (level 14, -26/127 HPs)
             Began as a Minotaur Fighter on Apr 6, 2020.
             Was the Champion of Okawaru.
             Killed from afar by an ice statue (27 damage)
             ... with a bolt of cold
             ... in an ice cave.
             The game lasted 00:59:52 (20859 turns).

Peloso the Peltast (Minotaur Fighter)              Turns: 20859, Time: 00:59:55

Health: -26/127    AC: 30    Str: 32    XL:     14   Next: 31%
Magic:  0/15       EV: 12    Int:  5    God:    Okawaru [******]
Gold:   1131       SH: 17    Dex: 14    Spells: 13/13 levels left

rFire    . . .     SeeInvis +   a - +6 scimitar "Setzuos" {slice, Str+2}
rCold    . . .     Gourm    .   c - +0 shield {reflect}
rNeg     . . .     Faith    .   w - +0 crystal plate armour
rPois    +         Spirit   +   U - +2 hat {SInv}
rElec    .         Reflect  +   G - scarf {Spirit}
rCorr    .         Harm     .   R - +1 pair of gloves {Dex+3}
MR       +....                  (no boots)
Stlth    ..........             W - amulet of the acrobat
HPRegen  0.31/turn              H - ring of Pokonn {rPois Stlth+}
MPRegen  0.14/turn              N - +1 ring of slaying

@: mighty, heroism, hasted, very quick
A: retaliatory headbutt, horns 2
a: Heroism, Finesse, Renounce Religion


You were in an ice cave.
You worshipped Okawaru.
Okawaru was exalted by your worship.
You were not hungry.

You visited 4 branches of the dungeon, and saw 20 of its levels.
You also visited: Gauntlet and Ice Cave.

You collected 1650 gold pieces.
You spent 519 gold pieces at shops.

Inventory:

Hand Weapons
 a - the +6 scimitar "Setzuos" (weapon) {slice, Str+2}
   (You found it on level 3 of the Lair of Beasts)

   It inflicts extra damage upon your enemies.
   It affects your strength (+2).
 b - a +2 scimitar of flaming
 i - a +4 long sword of holy wrath
 o - the +10 great mace of Peloso's Misery {flame, +Rage Str+5, unknown}
   (You found it on level 5 of the Lair of Beasts)

   It has been specially enchanted to burn those struck by it, causing extra
   injury to most foes and up to half again as much damage against particularly
   susceptible opponents.
   It affects your strength (+5).
   It lets you go berserk.
 Q - a +1 long sword of electrocution
Armour
 c - a +0 shield of reflection (worn)
 g - the +1 chain mail of Mental Paralysis {Regen+}
   (You found it on level 2 of the Lair of Beasts)

   It increases your rate of regeneration.
 w - a +0 crystal plate armour (worn)
 G - a scarf of spirit shield (worn)
 R - a +1 pair of gloves of dexterity (worn)
 U - a +2 hat of see invisible (worn)
Jewellery
 l - an uncursed ring of fire {unknown}
 q - an uncursed amulet of harm {unknown}
 H - the ring of Pokonn (left hand) {rPois Stlth+}
   (You found it in a Gauntlet)

   [ring of stealth]

   It protects you from poison.
   It makes you more stealthy.
 M - an uncursed ring of protection from cold
 N - a +1 ring of slaying (right hand)
 W - an amulet of the acrobat (around neck)
Wands
 y - a wand of digging (3)
Scrolls
 e - 14 scrolls of remove curse
 h - a scroll of enchant weapon
 j - 8 scrolls of teleportation
 k - 2 scrolls of enchant armour
 m - 4 scrolls of noise
 n - 5 scrolls of blinking
 v - 5 scrolls of identify
 T - a scroll of fear
Potions
 d - 3 potions of might
 p - 5 potions of curing
 u - a potion of heal wounds
 x - 4 potions of haste
 z - 4 potions of agility
 A - 3 potions of resistance
Comestibles
 f - 31 rations


   Skills:
 + Level 12.6(17.6) Fighting
 + Level 15.5(20.5) Long Blades
 + Level 2.9(7.9) Maces & Flails
 + Level 14.0(19.0) Armour
 + Level 4.0(9.0) Dodging
 + Level 0.8(5.8) Stealth
 + Level 15.8(20.8) Shields
 + Level 3.1 Invocations
 + Level 0.7 Evocations


You had 13 spell levels left.
You didn't know any spells.
Your spell library contained the following spells:

 Spells                   Type           Power        Failure   Level  Hunger
 Animate Skeleton         Necr           N/A          99%         1    ##.....
 Apportation              Tloc           #.....       99%         1    ##.....
 Confusing Touch          Hex            #.....       99%         1    ##.....
 Magic Dart               Conj           #...         99%         1    ##.....
 Summon Small Mammal      Summ           #...         99%         1    ##.....
 Searing Ray              Conj           #.....       100%        2    ###....
 Confuse                  Hex            #.......     100%        3    ####...
 Dazzling Spray           Conj/Hex       #.....       100%        3    ####...
 Gell's Gravitas          Tloc           #.........   100%        3    ####...
 Force Lance              Conj/Tloc      #.......     100%        4    #####..
 Fulminant Prism          Conj/Hex       #.........   100%        4    #####..
 Iskenderun's Mystic Bla  Conj           #.......     100%        4    #####..
 Petrify                  Tmut/Erth      #.......     100%        4    #####..
 Irradiate                Conj/Tmut      #.........   100%        5    ######.
 Metabolic Englaciation   Hex/Ice        #.........   100%        5    ######.
 Yara's Violent Unravell  Hex/Tmut       #.........   100%        5    ######.
 Hydra Form               Tmut           #.........   100%        6    #######
 Statue Form              Tmut/Erth      #........    100%        6    #######
 Dragon Form              Tmut           #.........   100%        7    #######


Dungeon Overview and Level Annotations

Branches:
Dungeon (13/15)            Temple (1/1) D:6            Lair (5/6) D:8
  Swamp (0/4) Lair:2       Spider (0/4) Lair:4          Orc (1/2) D:12
  IceCv (1/1)             Gauntlet (visited)
  Slime: Lair:5-6    Vaults: D:13-14

Altars:
Ashenzari
Cheibriados
Dithmenos
Elyvilon
Fedhas
Kikubaaqudgha
Makhleb
Nemelex Xobeh
Okawaru
Qazlal
Ru
Sif Muna
Trog
Uskayaw
Vehumet
Wu Jian
Yredelemnul
Zin
The Shining One

Shops:
D:4 [   D:6 ?   D:8 (*(

Annotations:
D:10 2 runed translucent doors, Descartes's ghost, novice DEAE IceCv 1 transporter, exclusion: 2 ice statues


Innate Abilities, Weirdness & Mutations

You reflexively headbutt those who attack you in melee.
You have a pair of horns on your head.


Message History

The ice statue gestures at you. The freezing blast engulfs you!
* * * LOW HITPOINT WARNING * * *
You block the ice beast's attack.
The ice beast hits you but does no damage.
You are engulfed in freezing vapours.
* * * LOW HITPOINT WARNING * * *
The ice statue gestures at you. The freezing blast misses you.
You block the ice beast's attack. x2
Unknown command.
You feel much better.
You are engulfed in freezing vapours.
* * * LOW HITPOINT WARNING * * *
You block the ice beast's attack. The ice beast closely misses you.
You feel yourself speed up. The ice statue gestures at you.
The bolt of cold hits you!
* * * LOW HITPOINT WARNING * * *
The ice statue gestures at you. The bolt of cold hits you!!
You die...

##.....##
##...∩...##
##.........##
#.....©.....#
#...........#
##..☼°.†.....##
#..§○.°.°.....#
#..§○8YY°8....#
#...☼☼@$°○....#
##..§☼○☼○°...##
#...8○§.8...#
##...$©(...##
###########


You could see 2 ice statues and 2 ice beasts.

Vanquished Creatures
  Gastronok (Lair:1)
  A stone giant (Orc:1)
  A minotaur (Gauntlet)
  A fire dragon (D:13)
  Fannar (Lair:1)
  Harold (D:8)
  2 hydras
  2 alligators (D:13)
  3 two-headed ogres
  2 glowing orange brains (Gauntlet)
  A wizard (Gauntlet)
  Pikel (D:6)
  2 lindwurms (D:13)
  7 ugly things
  An orc sorcerer (Orc:1)
  2 manticores
  A cyclops (D:11)
  2 oklob plants (Lair:2)
  A moth of wrath (Gauntlet)
  15 elephants
  A centaur zombie (D:10)
  A black mamba (Lair:5)
  2 gargoyles (D:13)
  8 spiny frogs
  A kobold demonologist (D:13)
  An efreet (D:13)
  2 rime drakes
  4 komodo dragons
  A troll (Orc:1)
  A hornet (D:11)
  A tyrant leech (D:13)
  2 polar bears
  A bog body (Lair:2)
  3 slime creatures (D:13)
  A harpy skeleton (D:8)
  14 hippogriffs
  A meliai zombie (D:13)
  A wraith (D:11)
  A spriggan (D:8)
  A shadow (D:13)
  19 yaks
  A wyvern (D:8)
  7 basilisks
  3 vampire mosquitoes (D:11)
  A steam dragon (D:8)
  4 fire bats (D:7)
  A warg (D:12)
  Edmund (D:6)
  An acid dragon (D:13)
  2 hell hounds (D:7)
  19 water moccasins
  A slave (D:6)
  9 porcupines
  4 sky beasts
  20 ice beasts
  8 orc warriors
  2 phantoms
  2 black bears
  3 ogres
  11 wolves
  8 centaurs
  9 crocodiles
  2 big kobolds
  19 bullfrogs
  A water moccasin zombie (D:8)
  A wyvern zombie (D:9)
  2 wyvern skeletons
  6 scorpions
  8 killer bees (D:13)
  13 wights
  2 howler monkeys
  2 electric eels
  7 crimson imps
  2 bullfrog zombies
  A gnoll shaman (D:4)
  8 orc priests
  7 hounds
  4 bullfrog skeletons
  6 jellies
  11 orc wizards
  2 centaur skeletons
  Jessica (D:3)
  9 iguanas
  10 hell rats
  7 worker ants
  A hound skeleton (D:8)
  Robin (D:2)
  2 howler monkey skeletons
  3 gnolls (D:4)
  13 adders
  13 river rats
  4 shadow imps
  2 white imps (Gauntlet)
  8 oozes
  15 worms
  A dart slug (D:1)
  7 leopard geckos
  39 orcs
  2 ball pythons
  7 giant cockroaches
  18 goblins
  7 hobgoblins
  18 jackals
  22 kobolds
  11 quokkas
  9 bats
  10 frilled lizards
  A jackal skeleton (D:5)
  A leopard gecko zombie (D:7)
  30 rats
  3 fungi
  A plant (Lair:1)
612 creatures vanquished.

Vanquished Creatures (others)
  An orc (D:6)
  2 fungi
  2 plants
  4 toadstools (D:3)
9 creatures vanquished.

Grand Total: 621 creatures vanquished

Notes
Turn   | Place    | Note
-------+----------+-------------------------------------------
     0 | D:1      | Peloso the Minotaur Fighter began the quest for the Orb.
     0 | D:1      | Reached XP level 1. HP: 19/19 MP: 0/0
     2 | D:1      | Noticed a gargoyle
     4 | D:1      | Noticed a merfolk
     4 | D:1      | Noticed a halfling
     6 | D:1      | Noticed a felid
     8 | D:1      | Noticed a spriggan
     8 | D:1      | Noticed a centaur
    10 | D:1      | Noticed a minotaur
    10 | D:1      | Noticed a ghoul
    12 | D:1      | Noticed a demigod
    12 | D:1      | Noticed a demonspawn
    14 | D:1      | Noticed an elf
    14 | D:1      | Noticed an ogre
    16 | D:1      | Noticed a formicid
    16 | D:1      | Noticed an octopode
    18 | D:1      | Noticed a human
    18 | D:1      | Noticed a draconian
    20 | D:1      | Noticed a troll
    20 | D:1      | Noticed a naga
    22 | D:1      | Noticed a dwarf
    22 | D:1      | Noticed a tengu
    24 | D:1      | Noticed a vampire
    26 | D:1      | Noticed a vine stalker
    72 | D:1      | Reached XP level 2. HP: 25/27 MP: 1/1
   382 | D:1      | Reached XP level 3. HP: 30/33 MP: 2/2
   887 | D:2      | Noticed Robin
   925 | D:2      | Reached XP level 4. HP: 30/40 MP: 3/3
   934 | D:2      | Killed Robin
   934 | D:2      | Reached skill level 1 in Dodging
  1578 | D:3      | Reached XP level 5. HP: 30/46 MP: 4/4
  1938 | D:3      | Noticed a centaur
  1949 | D:3      | Killed a centaur
  1949 | D:3      | Reached skill level 5 in Shields
  1949 | D:3      | Reached XP level 6. HP: 27/53 MP: 5/5
  2178 | D:3      | Noticed Jessica
  2203 | D:3      | Found a shimmering blue altar of Sif Muna.
  2212 | D:3      | Killed Jessica
  2346 | D:4      | Found Ybic's Antique Armour Emporium.
  2371 | D:4      | Reached skill level 5 in Armour
  2418 | D:4      | Reached skill level 5 in Long Blades
  2939 | D:4      | Found a glowing silver altar of Zin.
  3261 | D:4      | Found a hide-covered altar of Uskayaw.
  3261 | D:4      | Found a radiant altar of Vehumet.
  3357 | D:5      | Entered Level 5 of the Dungeon
  3418 | D:5      | Reached XP level 7. HP: 56/60 MP: 6/6
  3664 | D:5      | Found a white marble altar of Elyvilon.
  4183 | D:6      | Found a staircase to the Ecumenical Temple.
  4183 | D:6      | Noticed a hippogriff
  4189 | D:5      | Killed a hippogriff
  4200 | D:6      | Reached XP level 8. HP: 64/67 MP: 7/7
  4206 | Temple   | Entered the Ecumenical Temple
  4261 | Temple   | Became a worshipper of Warmaster Okawaru
  4449 | D:6      | Noticed Edmund
  4468 | D:6      | Killed Edmund
  4468 | D:6      | Reached skill level 5 in Fighting
  4793 | D:6      | Noticed Pikel
  4821 | D:6      | Killed Pikel
  4821 | D:6      | Reached * piety under Okawaru
  4840 | D:6      | Found Moithriri's Magic Scroll Emporium.
  4846 | D:6      | Got an encrusted mace
  4847 | D:6      | Identified the +8 mace "Eto Mib" {flame, rF+} (You found it
                  | on level 6 of the Dungeon)
  4857 | D:6      | Bought a scroll of magic mapping for 42 gold pieces
  4857 | D:6      | Bought a scroll of noise for 12 gold pieces
  4857 | D:6      | Bought a scroll of blinking for 90 gold pieces
  4857 | D:6      | Bought a scroll of brand weapon for 240 gold pieces
  4857 | D:6      | Bought a scroll of teleportation for 36 gold pieces
  4857 | D:6      | Bought a scroll of fog for 24 gold pieces
  4940 | D:6      | Reached XP level 9. HP: 54/75 MP: 8/8
  5120 | D:6      | Found a stormy altar of Qazlal.
  5200 | D:7      | Found a transporter.
  5609 | D:7      | Found a transporter.
  5763 | D:7      | Reached ** piety under Okawaru
  5763 | D:7      | Reached skill level 10 in Long Blades
  6189 | D:7      | Reached skill level 1 in Invocations
  6191 | D:7      | Reached XP level 10. HP: 23/84 MP: 6/10
  6516 | D:8      | Noticed Harold
  6523 | D:8      | Reached *** piety under Okawaru
  6918 | D:8      | Killed Harold
  6944 | D:8      | Found Mydghex's Antique Weapon Shoppe.
  6971 | D:8      | Found Tinur's General Store.
  7012 | D:8      | Bought a potion of heal wounds for 75 gold pieces
  7027 | D:8      | Found a staircase to the Lair.
  7533 | D:8      | Noticed a two-headed ogre
  7558 | D:8      | Killed a two-headed ogre
  7558 | D:8      | Reached **** piety under Okawaru
  7558 | D:8      | Reached skill level 10 in Armour
  7832 | D:8      | Reached skill level 10 in Shields
  7999 | D:8      | Found Birchur's Weapon Emporium.
  8187 | D:9      | Found a sparkling altar of Nemelex Xobeh.
  8227 | D:9      | Reached ***** piety under Okawaru
  8291 | D:9      | Reached XP level 11. HP: 94/94 MP: 11/11
  8671 | D:10     | Entered Level 10 of the Dungeon
  8828 | D:10     | Found a runed translucent door.
  8832 | D:10     | Noticed a skeletal warrior
  8833 | D:10     | Noticed a deep troll earth mage
  8833 | D:10     | Noticed a skeletal warrior
  8834 | D:10     | Noticed a necromancer
  8834 | D:10     | Noticed a lich
  8835 | D:10     | Noticed a deep elf archer
  8836 | D:10     | Found a runed translucent door.
  8837 | D:10     | Noticed Descartes's ghost (novice DEAE)
  9052 | D:10     | Identified the amulet "Xyboil" {Acrobat rPois}
 10249 | D:7      | Got a pitted hat
 10255 | D:7      | Identified the +1 hat "Naiqit" {rElec MR+ Str-4} (You found
                  | it on level 7 of the Dungeon)
 10659 | D:11     | Found a gate leading to a gauntlet.
 10668 | Gauntlet | Entered a Gauntlet
 10668 | Gauntlet | Found a transporter.
 10678 | Gauntlet | Found a transporter.
 10680 | Gauntlet | Found a transporter.
 10682 | Gauntlet | Found a transporter.
 10683 | Gauntlet | Noticed a wizard
 10709 | Gauntlet | Found a transporter.
 10711 | Gauntlet | Found a transporter.
 10728 | Gauntlet | Found a transporter.
 10744 | Gauntlet | Found a transporter.
 10751 | Gauntlet | Noticed a red ugly thing
 10752 | Gauntlet | Found a transporter.
 10753 | Gauntlet | Noticed a brown ugly thing
 10754 | Gauntlet | Noticed a glowing orange brain
 10761 | Gauntlet | Noticed a glowing orange brain
 10768 | Gauntlet | Found a transporter.
 10783 | Gauntlet | Noticed a purple ugly thing
 10785 | Gauntlet | Noticed a great orb of eyes
 10787 | Gauntlet | Found a transporter.
 10787 | Gauntlet | Noticed a green ugly thing
 10818 | Gauntlet | Found a transporter.
 10833 | Gauntlet | Noticed a large abomination
 10841 | Gauntlet | Found a transporter.
 10841 | Gauntlet | Noticed a wretched star
 10874 | Gauntlet | Found a transporter.
 10879 | Gauntlet | Found a transporter.
 10905 | Gauntlet | Found a transporter.
 10912 | Gauntlet | Found a transporter.
 10964 | Gauntlet | Found a transporter.
 11006 | Gauntlet | Killed a wizard
 11135 | Gauntlet | Received a gift from Okawaru
 11352 | Gauntlet | Killed a brown ugly thing
 11369 | Gauntlet | Killed a red ugly thing
 11372 | Gauntlet | Killed a glowing orange brain
 11374 | Gauntlet | Killed a glowing orange brain
 11378 | Gauntlet | Got a brightly glowing amber ring
 11382 | Gauntlet | Identified the ring of Pokonn {rPois Stlth+} (You found it
                  | in a Gauntlet)
 11529 | Gauntlet | Identified the cursed +1 morningstar "Tinge" {venom, Dex+4}
 11529 | Gauntlet | Noticed a minotaur
 11554 | Gauntlet | Killed a minotaur
 11563 | Gauntlet | Got a jewelled whip
 11563 | Gauntlet | Got a scorched hand axe
 11882 | D:11     | Noticed a red ugly thing
 11899 | D:11     | Killed a red ugly thing
 11916 | D:11     | Received a gift from Okawaru
 11916 | D:11     | Reached XP level 12. HP: 69/104 MP: 7/13
 12701 | D:12     | Noticed a two-headed ogre
 12708 | D:12     | Killed a two-headed ogre
 12857 | D:12     | Noticed a six-headed hydra
 12867 | D:11     | Reached ****** piety under Okawaru
 12888 | D:11     | Killed a six-headed hydra
 13712 | D:12     | Found a staircase to the Orcish Mines.
 13874 | D:13     | Received a gift from Okawaru
 13897 | D:13     | Noticed a two-headed ogre
 13907 | D:13     | Killed a two-headed ogre
 13924 | D:13     | Noticed a fire dragon
 13948 | D:13     | Killed a fire dragon
 13948 | D:13     | Reached skill level 1 in Maces & Flails
 14542 | D:13     | Reached skill level 10 in Fighting
 14689 | D:13     | Noticed an alligator
 14701 | D:13     | Killed an alligator
 14728 | D:13     | Noticed an alligator
 14740 | D:13     | Killed an alligator
 15160 | D:13     | Got a brightly glowing buckler
 15166 | D:13     | Identified the +3 buckler of Slovenliness {rCorr Int+8
                  | Slay-6 Stlth-} (You found it on level 13 of the Dungeon)
 15286 | D:13     | Reached XP level 13. HP: 75/114 MP: 8/14
 15505 | D:13     | Received a gift from Okawaru
 15891 | Lair:1   | Entered Level 1 of the Lair of Beasts
 15905 | Lair:1   | Noticed Gastronok
 15934 | Lair:1   | Killed Gastronok
 16435 | Lair:1   | Found a shattered altar of Ashenzari.
 16621 | Lair:1   | Noticed Fannar
 16645 | Lair:1   | Killed Fannar
 16847 | Lair:1   | Identified the cursed +3 whip of Subterfuge {flame, +Inv
                  | MP-9 Str+8 Dex-5} (You found it in a Gauntlet)
 16852 | Lair:1   | Identified the +6 hand axe "Nuj Zujuhou" {protect, +Fly MR+
                  | Int+4} (You found it in a Gauntlet)
 17245 | Lair:2   | Got a dazzling quarterstaff
 17246 | Lair:2   | Identified the cursed +2 quarterstaff of Calculation
                  | {crush, rElec Str+3 Dex-5 SInv} (You found it on level 2 of
                  | the Lair of Beasts)
 17310 | Lair:2   | Found a staircase to the Swamp.
 17425 | Lair:2   | Got a faintly humming chain mail
 17436 | Lair:2   | Identified the cursed +1 chain mail of Mental Paralysis
                  | {Regen+} (You found it on level 2 of the Lair of Beasts)
 17749 | Lair:3   | Received a gift from Okawaru
 18339 | Lair:3   | Got a brightly glowing scimitar
 18340 | Lair:3   | Identified the +6 scimitar "Setzuos" {slice, Str+2} (You
                  | found it on level 3 of the Lair of Beasts)
 18882 | Lair:4   | Reached skill level 15 in Shields
 19041 | Lair:4   | Reached skill level 15 in Long Blades
 19250 | Lair:4   | Found a hole to the Spider Nest.
 19540 | Lair:4   | Reached XP level 14. HP: 121/125 MP: 13/15
 19885 | Lair:5   | Got a shimmering great mace
 20741 | Orc:1    | Entered Level 1 of the Orcish Mines
 20743 | Orc:1    | Noticed a stone giant
 20753 | Orc:1    | Killed a stone giant
 20753 | Orc:1    | Received a gift from Okawaru
 20785 | Orc:1    | Found a frozen archway.
 20818 | IceCv    | Entered an ice cave
 20834 | IceCv    | Found a transporter.
 20849 | IceCv    | Found a transporter.
 20859 | IceCv    | HP: 1/127 [ice statue/bolt of cold (16)]
 20859 | IceCv    | Killed from afar by an ice statue

Levels and vault maps discovered:
D:1:      kb_arrival_jail, layout_basic, serial_glass, glass_columns_a,
          glass_columns_c, minmay_strange_pillars, due_unseen_surprise,
          minmay_close_crescents
D:2:      layout_rooms, uniq_robin
D:3:      layout_rooms, tgw_sif, minmay_gold_behind_fungi
D:4:      layout_basic, amethyst_overflow_temple_binary,
          overflow_temple_1_default, serial_shops, nicolae_shop_crystal,
          first_ration
D:5:      layout_basic, kennysheep_little_box
D:6:      layout_rooms, nicolae_qazlal_eye_of_the_storm,
          minmay_temple_entry_drinking_statues, serial_shops, shop, uniq_edmund,
          uniq_pikel
D:7:      gammafunk_cloud_chamber, layout_loops_ring
D:8:      layout_rooms, david_lair_generic, serial_shops, shop, kennysheep_mini,
          kennysheep_mini_moat, grunt_pizzeria, uniq_harold
D:9:      layout_loops_ring, nemelex_xobeh_ov_fountains_minmay
D:10:     layout_long_grid, muffindrake_ghost_dual_entry
D:11:     layout_stronghold, gauntlet_entry_generic
D:12:     layout_cave_pools, david_orc_1_choice
D:13:     layout_loops_ring, minivault_5, hangedman_parallel_progression
Temple:   regret_index_temple_waves
Lair:1:   lemuel_ratsnest, layout_long_grid, lemuel_altar_in_water2,
          infiniplex_staircase_pool, uniq_gastronok, uniq_fannar
Lair:2:   layout_regular_city, skrybe_swamp_entry_bodies, st_stairs_8,
          minmay_lair_oklob_chamber
Lair:3:   layout_layer_cave, minivault_26, serial_bayou_shore_a
Lair:4:   layout_regular_city, nicolae_spider_entry_non_spiders
Lair:5:   layout_regular_city, grunt_megastairs_2, serial_bayou_shore_b
Orc:1:    layout_diamond_mine, nicolae_volcano_entry_two_sided,
          portal_ice_cave_entry_ice_beasts
IceCv:    ice_cave_statue_garden_transporter

Skill      XL: |  1  2  3  4  5  6  7  8  9 10 11 12 13 14 |
---------------+-------------------------------------------+-----
Fighting       | 4 5 6 8 9 10 11 12 | 12.6
Armour         | 4 5 6 7 8 10 11 12 13 14 | 14.0
Shields        | 4 5 6 7 9 10 12 13 15 | 15.8
Long Blades    | 3 4 5 7 9 10 12 13 14 15 | 15.5
Dodging        | 1 2 3 4 |  4.0
Invocations    | 1 2 3 |  3.1
Maces & Flails | 2 |  2.9
Stealth        | |  0.8
Evocations     | |  0.7

Action                   |  1- 3 |  4- 6 |  7- 9 | 10-12 | 13-15 || total
-------------------------+-------+-------+-------+-------+-------++-------
Melee: Long sword        |   126 |   206 |   372 |   587 |       ||  1291
       Headbutt          |    16 |    49 |    78 |   219 |   168 ||   530
       Scimitar          |       |       |       |   143 |   593 ||   736
       Mace              |       |       |       |    28 |       ||    28
Invok: Heroism           |       |       |     2 |     9 |     4 ||    15
       Finesse           |       |       |       |     2 |       ||     2
Evoke: Wand              |       |       |       |     1 |     5 ||     6
  Use: Potion            |     2 |     2 |     5 |     6 |     3 ||    18
       Scroll            |       |       |     4 |     5 |    10 ||    19
  Eat: Chunk             |       |     8 |     6 |    20 |    16 ||    50
       Ration            |       |       |     1 |     3 |     1 ||     5
Armor: Scale mail        |    74 |    83 |    27 |       |       ||   184
       Chain mail        |       |       |    31 |       |       ||    31
       Plate armour      |       |       |    51 |    73 |       ||   124
       Crystal plate arm |       |       |       |   350 |   226 ||   576
Dodge: Dodged            |    53 |    83 |    80 |   142 |   171 ||   529
Block: Shield            |    92 |   128 |   190 |   506 |   424 ||  1340
       Reflection        |       |       |       |       |     4 ||     4
       Rpst.: Long sword |    15 |    21 |    20 |    24 |       ||    80
       Scimitar          |       |       |       |     5 |    46 ||    51
